 Dungeon Crawl Stone Soup version 0.28.0-43-g3370ac3207 (webtiles) character file.

Game seed: 790068991935856182

523 nickcage the Basher (level 7, -4/60 HPs)
             Began as a Minotaur Fighter on Mar 21, 2022.
             Was a Believer of Ashenzari.
             Killed from afar by an electric eel (9 damage)
             ... with a bolt of electricity
             ... on level 8 of the Dungeon.
             The game lasted 00:11:47 (3953 turns).

nickcage the Basher (Minotaur Fighter)              Turns: 3953, Time: 00:11:49

Health: -4/60      AC:  8    Str: 22    XL:     7   Next: 2%
Magic:  6/6        EV:  9    Int:  5    God:    Ashenzari [**....]
Gold:   194        SH:  5    Dex: 10    Spells: 6/6 levels left

rFire   . . .      SeeInvis +   a - +0 flail
rCold   . . .      Faith    .   c - +1 buckler "Tethered With Me" {Alch, Melee} (curse)
rNeg    . . .      Spirit   .   b - +0 scale mail of the Soothsayer {Fort, Melee} (curse)
rPois   .          Reflect  .   o - +0 hat "Sun of the Sky" {Bglg, Self} (curse)
rElec   .          Harm     .   (no cloak)
rCorr   .          Rampage  .   (no gloves)
Will    .....                   f - +0 pair of boots "Abstinence of Ashenzari" {Evo, Alch} (curse)
Stlth   ..........              (no amulet)
HPRegen 0.20/turn               (no ring)
MPRegen 0.10/turn               (no ring)

@: no status effects
A: horns 2, retaliatory headbutt
a: Renounce Religion, Shatter the Chains


You were on level 8 of the Dungeon.
You worshipped Ashenzari.
Ashenzari was pleased with you.
You visited 1 branch of the dungeon, and saw 8 of its levels.

You collected 294 gold pieces.
You spent 100 gold pieces at shops.

Inventory:

Hand Weapons
 a - a +0 flail (weapon)
Missiles
 p - a boomerang of dispersal (quivered)
Armour
 b - the cursed +0 scale mail of the Soothsayer (worn) {Fort, Melee}

   It has a curse which improves the following skills: Fortitude: Armour and
   Shields.
   Melee Combat: Short Blades, Long Blades, Axes, Maces & Flails, Polearms,
   Staves and Unarmed Combat.
 c - the cursed +1 buckler "Tethered With Me" (worn) {Alch, Melee}

   It has a curse which improves the following skills: Alchemy: Poison Magic and
   Transmutations.
   Melee Combat: Short Blades, Long Blades, Axes, Maces & Flails, Polearms,
   Staves and Unarmed Combat.
 f - the cursed +0 pair of boots "Abstinence of Ashenzari" (worn) {Evo, Alch}
   (You found it on level 3 of the Dungeon)

   It has a curse which improves the following skills: Evocations: Evocations.
   Alchemy:   Poison Magic and Transmutations.
 o - the cursed +0 hat "Sun of the Sky" (worn) {Bglg, Self}
   (You bought it in a shop on level 3 of the Dungeon)

   It has a curse which improves the following skills: Beguiling: Conjurations,
   Hexes and Translocations.
   Introspection: Fighting and Spellcasting.
Jewellery
 i - a ring of flight
Wands
 q - a wand of paralysis (13)
Scrolls
 g - a scroll of amnesia
 l - a scroll of brand weapon
 r - a scroll of enchant armour
Potions
 d - a potion of might
 e - a potion of invisibility
 h - a potion of magic
 j - a potion of resistance
 k - a potion of flight
 m - a potion of mutation
 n - 2 potions of heal wounds


   Skills:
 - Level 3.6(4.7) Fighting
 + Level 9.2(11.1) Maces & Flails
 + Level 0.2 Throwing
 - Level 3.6(4.7) Armour
 - Level 3.6(4.7) Shields


You had 6 spell levels left.
You didn't know any spells.
Your spell library contained the following spells:

 Spells                   Type           Power      Damage    Failure   Level
 Beastly Appendage        Tmut           0%         N/A       83%         1
 Wereblood                Tmut           0%         N/A       93%         2
 Spider Form              Tmut/Pois      0%         N/A       99%         3
 Leda's Liquefaction      Hex/Erth       0%         N/A       100%        4
 Lee's Rapid Deconstruct  Erth           0%         3d5*      100%        5
 Statue Form              Tmut/Erth      0%         N/A       100%        6


Dungeon Overview and Level Annotations

Branches:
Dungeon (8/15)             Temple (0/1) D:4
   Lair: D:8-11

Altars:
Ashenzari
Makhleb
Ru

Shops:
D:3 =**


Innate Abilities, Weirdness & Mutations

You have a pair of horns on your head.
You reflexively headbutt those who attack you in melee.


Message History

Found a +0 hand axe and 11 gold pieces.
Found a stone staircase leading down.
There is a stone staircase leading up here.
Found an escape hatch in the floor.
Found a potion of curing, 18 gold pieces and a scroll of identify.
Found 8 gold pieces.
You now have 194 gold pieces (gained 11).
There is a stone staircase leading down here.
You climb downwards.
There is a stone staircase leading up here.
An electric eel comes into view.
The electric eel shoots out a bolt of lightning at you!
The bolt of electricity hits you!
You hear a shout!
An electric eel is nearby!
The electric eel shoots out a bolt of lightning at you!
The bolt of electricity hits you!
A centaur comes into view.
The centaur wields a +0 shortbow.
The centaur shoots an arrow.
The arrow hits you.
A bullfrog comes into view.
The electric eel shoots out a bolt of lightning at you!
The bolt of electricity hits you!
* * * LOW HITPOINT WARNING * * *
Found a potion of brilliance.
The bullfrog croaks.
The centaur shoots an arrow.
The arrow barely misses you.
An electric eel comes into view.
The centaur shoots an arrow.
The arrow hits you.
* * * LOW HITPOINT WARNING * * *
The bullfrog hits you.
* * * LOW HITPOINT WARNING * * *
The centaur shoots an arrow.
The arrow hits you.
* * * LOW HITPOINT WARNING * * *
The bullfrog closely misses you.
The centaur shoots an arrow.
The arrow hits you.
* * * LOW HITPOINT WARNING * * *
The bullfrog hits you but does no damage.
The electric eel shoots out a bolt of lightning at you!
The bolt of electricity hits you!
You die...

≈, , ≈≈
≈≈≈≈≈.#.# ,* *
, ≈ ≈≈≈≈≈...# ,
≈≈≈S≈!..## , ,
* ......c..# *
,, .≈≈≈≈....# *
≈ ≈
.≈≈≈≈....#####.
≈ ≈
.≈≈≈≈..........
.≈≈≈S.F@.#* *,*
≈
.≈≈≈≈....####,
, ......#..#..
,,*
....#....#.# ,
* _ ###
#.#..#.# , *
*...#.<..#,, *
##.....###,
#.##..# *,, *
,, , , # #.##


You could see a bullfrog, a centaur and 2 electric eels.

Vanquished Creatures
  An ice beast (D:4)
  A wyvern zombie (D:6)
  A hound (D:6)
  Jessica (D:3)
  2 iguanas
  2 orc wizards
  5 gnolls
  6 adders
  A white imp (D:5)
  2 worms
  A dart slug (D:3)
  14 orcs
  8 ball pythons
  A bat (D:1)
  5 endoplasms
  8 goblins
  6 hobgoblins
  9 jackals
  7 kobolds
  4 quokkas
  6 frilled lizards
  A rat (D:2)
92 creatures vanquished.

Vanquished Creatures (others)
  3 plants (D:3)
  4 withered plants (D:6)
7 creatures vanquished.

Grand Total: 99 creatures vanquished

Notes
Turn   | Place    | Note
-------+----------+-------------------------------------------
     0 | D:1      | nickcage the Minotaur Fighter began the quest for the Orb.
     0 | D:1      | Reached XP level 1. HP: 19/19 MP: 0/0
     1 | D:1      | Noticed an electric eel
   123 | D:1      | Reached skill level 3 in Maces & Flails
   236 | D:1      | Reached XP level 2. HP: 14/26 MP: 1/1
   471 | D:1      | Found a faded altar of an unknown god.
   479 | D:1      | Reached skill level 4 in Maces & Flails
   502 | D:1      | Prayed at the altar of an unknown god.
   502 | D:1      | Became a worshipper of Ashenzari the Shackled
   515 | D:1      | Reached XP level 3. HP: 13/31 MP: 2/2
  1065 | D:2      | Reached skill level 5 in Maces & Flails
  1069 | D:2      | Reached XP level 4. HP: 4/39 MP: 3/3
  1704 | D:2      | Reached skill level 6 in Maces & Flails
  1872 | D:3      | Found Hing's Assorted Antiques.
  1882 | D:3      | Bought a hat for 100 gold pieces
  2071 | D:3      | Reached XP level 5. HP: 45/45 MP: 4/4
  2105 | D:3      | Found a burning altar of Makhleb.
  2105 | D:3      | Noticed a balrug
  2106 | D:3      | Found Imofyluf's General Store.
  2131 | D:3      | Reached skill level 7 in Maces & Flails
  2295 | D:3      | Reached * piety under Ashenzari
  2311 | D:3      | Noticed Jessica
  2313 | D:3      | Killed Jessica
  2323 | D:3      | Found a sacrificial altar of Ru.
  2429 | D:3      | Found Reriler's Jewellery Emporium.
  3068 | D:3      | Reached XP level 6. HP: 53/53 MP: 5/5
  3177 | D:4      | Reached ** piety under Ashenzari
  3193 | D:4      | Found a staircase to the Ecumenical Temple.
  3352 | D:4      | Noticed an ice beast
  3364 | D:4      | Killed an ice beast
  3365 | D:4      | Reached skill level 8 in Maces & Flails
  3543 | D:5      | Entered Level 5 of the Dungeon
  3679 | D:6      | Reached skill level 9 in Maces & Flails
  3830 | D:6      | Reached XP level 7. HP: 50/60 MP: 6/6
  3953 | D:8      | Killed from afar by an electric eel

Illustrated notes

Levels and vault maps discovered:
D:1:      arrival_aquarium_a, layout_rooms, dreamdust_ecumenical_altar_statues
D:2:      layout_rooms, minmay_three_crescents
D:3:      corexii_shack_village, layout_loops_ring,
          mainiacjoe_overflow_24_doors, makhleb_altar_promises_db, serial_shops,
          nicolae_shop_temple_entry_statues_fountains, shop,
          nicolae_shop_hallway_plus, serial_co_window_serial,
          co_window_of_opportunity_a, co_window_corner_a, co_window_paths_a,
          co_window_paths_a, co_window_paths_a, co_window_broadway_b,
          co_window_paths_c, co_window_paths_c, co_window_4corner_b,
          co_window_4corner_a, glass_columns_c, glass_columns_c, uniq_jessica
D:4:      layout_basic, overflow_temple_1_default, elyvilon_altar_4,
          minmay_temple_entry_mini_moons, portal_sewer_entry_d
D:5:      layout_basic
D:6:      layout_loops_corners, grunt_dithmenos_shadows,
          yredelemnul_altar_generic, zin_statuary,
          mainiacjoe_overflow_six_doors_small, gammafunk_ghost_smash,
          uniq_grinder, uniq_menkaure
D:7:      layout_rooms, nicolae_overflow_hidden_temple, lemuel_crystal_altar
D:8:      layout_basic, kiku_gazebo_garden_becter,
          nicolae_overflow_crystal_walls, erik_lair_island, minivault_1,
          minivault_14, grunt_decor_one_mirror

Skill      XL: |  1  2  3  4  5  6 |
---------------+-------------------+-----
Maces & Flails | 3 4 5 6 7 9 |  9.2
Fighting       | |  3.6
Throwing       | |  0.2
Armour         | |  3.6
Shields        | |  3.6

Action                   |  1- 3 |  4- 6 |  7- 9 || total
-------------------------+-------+-------+-------++-------
Melee: Flail             |    82 |   159 |       ||   241
       Headbutt          |     7 |    26 |       ||    33
Throw: Boomerang         |       |     1 |       ||     1
Invok: Curse Item        |       |     4 |       ||     4
  Use: Scroll            |       |     1 |       ||     1
Armor: Scale mail        |    63 |    47 |     1 ||   111
Dodge: Dodged            |    42 |    63 |     2 ||   107
Block: Buckler           |    19 |    43 |       ||    62
